 Dungeon Crawl Stone Soup version 0.31-a0-115-g4708a659fe (webtiles) character file.

Game seed: 14921192852610128923

90859 freelancePsychic the Fighter (level 15, -9/136 HPs)
             Began as a Demigod Warper on May 29, 2023.
             Mangled by a caustic shrike simulacrum (26 damage)
             ... in an ice cave.
             The game lasted 01:27:39 (28434 turns).

freelancePsychic the Fighter (Demigod Warper)      Turns: 28434, Time: 01:27:39

Health: -9/136     AC: 10    Str: 12    XL:     15   Next: 12%
Magic:  24/28      EV: 15    Int: 35    God:
Gold:   1587       SH:  6    Dex: 13    Spells: 5/26 levels left

rFire   . . .        a - staff of conjuration
rCold   . . .        m - +1 buckler
rNeg    . . .        p - +0 troll leather armour
rPois   +            y - +2 helmet
rElec   .            (no cloak)
rCorr   .            j - +0 pair of gloves
SInv    .            (no boots)
Will    +....        E - amulet of magic regeneration
Stlth   +            c - ring of poison resistance
HPRegen 1.22/turn    i - ring of wizardry
MPRegen 0.61/turn

%: wizardry (x1)
@: no status effects
A: high MP 1, forlorn, divine attributes
a: no special abilities


You were in an ice cave.
You visited 3 branches of the dungeon, and saw 21 of its levels.
You also visited: Ice Cave and Volcano.

You collected 2087 gold pieces.
You spent 500 gold pieces at shops.

Inventory:

Hand Weapons
 b - a +1 dagger of venom
 v - a +4 dagger of flaming
Missiles
 t - 33 boomerangs
 Q - a boomerang of dispersal
Armour
 g - a +1 hat of intelligence
 j - a +0 pair of gloves (worn)
 m - a +1 buckler (worn)
 p - a +0 troll leather armour (worn)
 q - a +2 robe of willpower
 y - a +2 helmet (worn)
 A - a +0 leather armour
 C - a +0 leather armour of fire resistance
 H - +0 steam dragon scales
Magical Staves
 a - a staff of conjuration (weapon)
Jewellery
 c - a ring of poison resistance (left hand)
 f - a +6 ring of dexterity
 i - a ring of wizardry (right hand)
 s - a +6 ring of dexterity
 B - a ring of resist corrosion
 E - an amulet of magic regeneration (around neck)
 L - an amulet of regeneration
 P - a ring of willpower
Wands
 d - a wand of charming (20)
 o - a wand of polymorph (15)
 J - a wand of mindburst (10)
 N - a wand of digging (5)
 S - a wand of roots (2)
 T - a wand of flame (8)
Scrolls
 e - 4 scrolls of noise
 h - 4 scrolls of vulnerability
 l - 4 scrolls of fog
 z - 5 scrolls of enchant weapon
 G - 2 scrolls of immolation
 K - a scroll of teleportation {@r4}
 M - 2 scrolls of brand weapon
 R - 2 scrolls of blinking
 V - 2 scrolls of enchant armour
Potions
 k - 5 potions of attraction
 n - 3 potions of cancellation
 r - 4 potions of haste {@q3}
 u - 3 potions of resistance {unknown}
 w - 5 potions of degeneration {unknown}
 x - a potion of brilliance
 D - 2 potions of mutation
 F - 9 potions of curing {@q1}
 I - a potion of berserk rage {unknown}
 O - a potion of heal wounds {@q2}
 U - a potion of enlightenment {unknown}


   Skills:
 + Level 13.3 Fighting
 - Level 1.9 Long Blades
 - Level 0.8 Throwing
 + Level 7.7 Armour
 - Level 9.3 Dodging
 - Level 1.1 Stealth
 - Level 6.0 Shields
 - Level 6.0 Spellcasting
 - Level 8.9 Conjurations
 - Level 4.0 Hexes
 - Level 2.7 Translocations
 + Level 9.4 Fire Magic
 + Level 10.1 Air Magic
 - Level 0.8 Earth Magic
 - Level 3.1 Poison Magic


You had 5 spell levels left.
You knew the following spells:

 Your Spells              Type           Power      Damage    Failure   Level
b - Searing Ray           Conj           100%       2d8       1%          2
c - Mephitic Cloud        Conj/Pois/Air  76%        N/A       1%          3
d - Iskenderun's Mystic   Conj/Tloc      67%        2d14      2%          4
e - Arcjolt               Conj/Air       43%        1d53      1%          5
f - Magic Dart            Conj           100%       1d8       1%          1
i - Plasma Beam           Fire/Air       34%        2x1d51    7%          6

Your spell library contained the following spells:

 Spells                   Type           Power      Damage    Failure   Level
 Apportation              Tloc           58%        N/A       1%          1
 Shock                    Conj/Air       100%       1d9       1%          1
 Blink                    Tloc           58%        N/A       1%          2
 Lesser Beckoning         Tloc           58%        N/A       1%          2
 Momentum Strike          Conj/Tloc      100%       3d10      1%          2
 Portal Projectile        Hex/Tloc       68%        N/A       1%          3
 Swiftness                Air            69%        N/A       1%          3
 Vhi's Electric Charge    Tloc/Air       100%       N/A       1%          3
 Volatile Blastmotes      Fire/Tloc      100%       2d18      1%          3
 Airstrike                Air            34%        2d(5-21)  1%          4
 Fulminant Prism          Conj/Hex       35%        3d17      1%          4
 Necrotise                Necr           40%        1d6       2%          1
 Summon Small Mammal      Summ           40%        N/A       2%          1
 Teleport Other           Tloc           29%        N/A       2%          3
 Summon Guardian Golem    Hex/Summ       24%        N/A       3%          3
 Call Imp                 Summ           20%        N/A       4%          2
 Cause Fear               Hex            19%        N/A       4%          4
 Call Canine Familiar     Summ           10%        N/A       8%          3
 Frozen Ramparts          Ice            20%        1d4       8%          3
 Ozocubu's Armour         Ice            10%        N/A       8%          3
 Leda's Liquefaction      Hex/Erth       13%        N/A       9%          4
 Manifold Assault         Tloc           29%        N/A       9%          4
 Anguish                  Hex/Necr       12%        N/A       11%         4
 Animate Dead             Necr           10%        N/A       24%         4
 Ice Form                 Ice/Tmut       10%        N/A       24%         4
 Summon Ice Beast         Ice/Summ       10%        N/A       24%         4
 Metabolic Englaciation   Hex/Ice        12%        N/A       28%         5
 Lee's Rapid Deconstruct  Erth           8%         3d7*      43%         5
 Borgnjor's Vile Clutch   Necr/Erth      6%         N/A       47%         5
 Death Channel            Necr           5%         N/A       97%         6
 Simulacrum               Ice/Necr       5%         N/A       97%         6
 Enfeeble                 Hex            19%        N/A       98%         7


Dungeon Overview and Level Annotations

Branches:
Dungeon (14/15)            Temple (0/1) D:6            Lair (5/5) D:11
  Swamp (0/4) Lair:2        Snake (0/4) Lair:2        Slime (0/5) Lair:5
    Orc (2/2) D:9             Elf (0/3) Orc:2        Vaults (0/5) D:13
  IceCv (1/1)             Volcano (visited)

Shops:
D:4 (   Orc:2 **:=

Annotations:
D:1 exclusion: gnoll
D:7 exclusions: centaur and water moccasin
D:8 exclusion: deep elf pyromancer
D:10 exclusion: obsidian statue
D:11 1 runed translucent door, gebbletook2's ghost, journeyman VSFi
D:12 1 transporter
Lair:2 3 runed translucent doors, Drazool's ghost, journeyman AtFi
Lair:3 exclusions: hydra and skyshark


Innate Abilities, Weirdness & Mutations

You have an increased reservoir of magic. (+10% MP)
You shall have no god before yourself.
Your divine heritage dramatically boosts your attributes as you level up.


Message History

There is a frozen archway here.
You start resting.
Magic restored.
You start resting.
You hear the loud crackling of a melting archway.
The world spins around you as you enter the gateway.
You enter an ice cave!
The white very ugly thing gurgles horribly!
Found a robe.
Found an ice covered gate leading back out of this place.
There is an ice choked empty arch of ancient stone here.
An anaconda simulacrum comes into view.
A harpy simulacrum comes into view.
Unknown command.
Casting: Plasma Beam (dangerous; 7% risk of failure)
Confirm with . or Enter, or press ? or * to list all spells.
Casting: Plasma Beam (dangerous; 7% risk of failure)
Press: ? - help, Dir - look around, f - activate The bolt of lightning misses the harpy simulacrum.
The bolt of lightning hits the white very ugly thing!!
The white very ugly thing is moderately wounded.
The fiery plasma hits the harpy simulacrum!
The harpy simulacrum melts!
The harpy simulacrum is heavily damaged.
The fiery plasma misses the white very ugly thing.
The harpy simulacrum claws you but does no damage. x2
The harpy simulacrum claws you but does no damage.
The harpy simulacrum closely misses you.
The caustic shrike simulacrum claws you!!
The caustic shrike simulacrum freezes you!!!
There is an ice covered gate leading back out of this place, spattered with blood here.
The harpy simulacrum claws you. The harpy simulacrum freezes you!
The harpy simulacrum claws you! The harpy simulacrum freezes you!
* * * LOW HITPOINT WARNING * * *
You block the caustic shrike simulacrum's attack.
You block the harpy simulacrum's attack.
The harpy simulacrum claws you but does no damage.
The caustic shrike simulacrum claws you!!
* * * LOW HITPOINT WARNING * * *
The caustic shrike simulacrum freezes you!!
You die...

### ...###
......#
...Z...##
........##
.8.......#
....ZuZZ.#
[......Z@#
.....Z.Z.#
.8.......#
...Z....##
.......##
......#
...### ###


You could see a white very ugly thing, an anaconda simulacrum, a dire elephant
simulacrum, 2 lindwurm simulacra, 2 harpy simulacra, an ettin simulacrum and a
caustic shrike simulacrum.

Vanquished Creatures
  Gastronok (Lair:3)
  2 orc warlords
  Azrael (D:13)
  A vault guard (D:12)
  A catoblepas (Lair:5)
  3 hydras
  3 centaur warriors
  A deep troll shaman (Lair:5)
  6 two-headed ogres
  4 boulder beetles
  10 death yaks
  A tengu warrior (D:14)
  4 orc high priests (Orc:2)
  A hell knight (Volcano)
  A skyshark (Lair:4)
  A deep elf archer (D:13)
  4 orc knights
  A deep elf pyromancer (D:14)
  7 orc sorcerers
  A manticore (shapeshifter) (D:12)
  A salamander (Lair:2)
  12 ugly things
  A manticore (D:13)
  2 cyclopes
  8 black mambas
  10 elephants (Lair:5)
  4 molten gargoyles
  2 torpor snails
  2 ice statues (D:14)
  3 kobold demonologists
  13 cane toads
  2 gargoyles
  2 rime drakes
  11 komodo dragons
  An unseen horror (D:11)
  A tengu conjurer (D:14)
  A yaktaur (Volcano)
  17 trolls
  3 polar bears
  Prince Ribbit (D:5)
  13 blink frogs
  2 hornets
  8 dream sheep
  6 slime creatures
  2 wraiths
  57 yaks
  4 shadows
  2 vampires
  6 wyverns
  7 fire bats (Volcano)
  6 basilisks
  6 fire elementals
  3 vampire mosquitoes
  6 steam dragons
  4 wargs
  2 hell hounds (D:13)
  2 acid dragons
  6 water moccasins
  5 ice beasts
  49 orc warriors
  4 black bears
  A tengu (D:5)
  12 wolves
  15 ogres (Orc:2)
  11 centaurs
  3 phantoms
  6 kobold brigands
  3 bullfrogs
  11 killer bees
  7 howler monkeys
  15 lava snakes
  A hound (D:5)
  31 orc priests
  A gnoll bouda (D:10)
  3 jellies
  3 sleepcaps
  Jessica (D:2)
  2 iguanas (D:4)
  18 orc wizards
  10 hell rats (Lair:2)
  A centaur simulacrum (D:9)
  A gnoll (D:7)
  7 adders
  12 river rats (Lair:2)
  3 white imps
  5 ufetubi
  A worm (D:2)
  4 dart slugs
  85 orcs
  4 ball pythons
  7 bats
  A bat zombie (D:5)
  8 endoplasms
  4 giant cockroaches
  15 goblins
  11 hobgoblins
  3 jackals (D:3)
  8 quokkas
  4 frilled lizards
  28 kobolds
  19 rats
  2 rat zombies (D:5)
  A fulminant prism (D:8)
739 creatures vanquished.

Vanquished Creatures (collateral kills)
  A water moccasin (D:8)
1 creature vanquished.

Vanquished Creatures (others)
  A butterfly (D:8)
  34 fulminant prisms
35 creatures vanquished.

Grand Total: 775 creatures vanquished

Notes
Turn   | Place    | Note
-------+----------+-------------------------------------------
     0 | D:1      | freelancePsychic the Demigod Warper began the quest for the
                  | Orb.
     0 | D:1      | Reached XP level 1. HP: 17/17 MP: 5/5
   169 | D:1      | Learned a level 1 spell: Magic Dart
   219 | D:1      | Reached skill level 2 in Fighting
   258 | D:1      | Reached skill level 1 in Conjurations
   258 | D:1      | Reached XP level 2. HP: 24/24 MP: 4/7
   407 | D:1      | Learned a level 2 spell: Searing Ray
  1015 | D:1      | Reached XP level 3. HP: 28/30 MP: 4/8
  2009 | D:2      | Noticed Jessica
  2122 | D:2      | Killed Jessica
  2123 | D:2      | Reached skill level 1 in Stealth
  2123 | D:2      | Reached XP level 4. HP: 37/37 MP: 2/9
  3003 | D:3      | Reached skill level 3 in Fighting
  3105 | D:3      | Reached XP level 5. HP: 45/45 MP: 6/10
  4027 | D:4      | Found Fym Fuxkewn's Firing Range.
  4164 | D:4      | Identified the +3 dagger of Qohad {spect, rF- Int+3 Dex+9}
  4991 | D:5      | Entered Level 5 of the Dungeon
  4993 | D:5      | Noticed a black bear
  5003 | D:4      | Reached skill level 1 in Hexes
  5003 | D:4      | Reached XP level 6. HP: 49/51 MP: 1/12
  5027 | D:4      | Learned a level 4 spell: Fulminant Prism
  5093 | D:5      | Noticed Prince Ribbit
  5121 | D:5      | Killed Prince Ribbit
  5122 | D:5      | Reached skill level 4 in Fighting
  5314 | D:5      | Reached XP level 7. HP: 23/60 MP: 8/13
  5318 | D:5      | Reached skill level 5 in Conjurations
  5829 | D:5      | Reached skill level 5 in Fighting
  6351 | D:6      | Learned a level 3 spell: Mephitic Cloud
  6369 | D:6      | Noticed a steam dragon
  6379 | D:6      | Noticed a steam dragon
  6382 | D:6      | Killed a steam dragon
  6383 | D:6      | Reached XP level 8. HP: 61/68 MP: 7/14
  6599 | D:6      | Found a staircase to the Ecumenical Temple.
  6602 | D:6      | Identified the +1 spear of Balance {flame, *Slow Dex+4}
  6633 | D:6      | Reached skill level 1 in Air Magic
  6633 | D:6      | Reached skill level 1 in Poison Magic
  7315 | D:7      | You fall into a shaft and drop 3 floors!
  7315 | D:10     | Entered Level 10 of the Dungeon
  7321 | D:10     | Noticed a troll
  7323 | D:10     | Noticed a two-headed ogre
  7327 | D:10     | Killed a troll
  7328 | D:10     | Reached skill level 6 in Fighting
  7340 | D:10     | Killed a two-headed ogre
  7341 | D:10     | Reached XP level 9. HP: 49/77 MP: 11/18
  7684 | D:8      | Upgraded the game from 0.31-a0-112-gdf0485fa37 to
                  | 0.31-a0-115-g4708a659fe
  7711 | D:8      | Reached skill level 1 in Armour
  8491 | D:8      | Reached skill level 7 in Fighting
  8837 | D:8      | Noticed a deep elf pyromancer
  9089 | D:9      | Found a staircase to the Orcish Mines.
  9152 | D:9      | Reached XP level 10. HP: 54/86 MP: 10/19
  9719 | D:9      | Learned a level 4 spell: Iskenderun's Mystic Blast
  9932 | D:9      | Reached skill level 8 in Fighting
  9991 | D:9      | Identified the +0 ring mail "Otukorokk" {Regen+ SInv
                  | Stlth+}
 10434 | D:10     | Reached skill level 5 in Armour
 10894 | D:10     | Noticed a sixfirhy
 11304 | D:10     | Noticed a boulder beetle
 11407 | D:11     | Reached skill level 1 in Shields
 11420 | D:11     | Reached skill level 9 in Fighting
 11420 | D:11     | Reached XP level 11. HP: 33/97 MP: 1/20
 12247 | D:11     | Found a staircase to the Lair.
 12501 | D:11     | Found a runed translucent door.
 12619 | D:11     | Identified the +2 spear "Roogiy" {freeze, Drain Str+4
                  | Int+4}
 12621 | D:11     | Noticed a spriggan rider
 12621 | D:11     | Noticed gebbletook2's ghost (journeyman VSFi)
 12875 | D:12     | Noticed a four-headed hydra
 12894 | D:12     | Found the +6 lightning scales {swift, rElec}
 12904 | D:12     | Noticed a boulder beetle
 12942 | D:12     | Noticed a deep troll earth mage
 12998 | D:11     | Reached skill level 1 in Fire Magic
 13083 | Lair:1   | Entered Level 1 of the Lair of Beasts
 13384 | Lair:1   | Reached skill level 10 in Fighting
 13964 | Lair:2   | Noticed a five-headed hydra
 14102 | Lair:2   | Found a runed translucent gate.
 14102 | Lair:2   | Found a runed translucent gate.
 14102 | Lair:2   | Found a runed translucent gate.
 14103 | Lair:2   | Noticed Drazool's ghost (journeyman AtFi)
 14158 | Lair:2   | Reached skill level 5 in Spellcasting
 14170 | Lair:2   | Learned a level 5 spell: Arcjolt
 14247 | Lair:2   | Reached skill level 5 in Shields
 14279 | Lair:3   | Noticed Gastronok
 14417 | D:10     | Noticed a two-headed ogre
 14421 | D:10     | Killed a two-headed ogre
 14523 | D:10     | Reached XP level 12. HP: 42/106 MP: 2/23
 14634 | D:10     | Reached skill level 5 in Air Magic
 14832 | D:10     | Killed a boulder beetle
 15561 | Orc:1    | Entered Level 1 of the Orcish Mines
 15621 | Orc:1    | Found a dark tunnel.
 15656 | Volcano  | Entered a volcano
 16033 | Volcano  | Noticed a centaur warrior
 16043 | Volcano  | Killed a centaur warrior
 16092 | Volcano  | Learned a level 6 spell: Plasma Beam
 16633 | Orc:1    | Reached skill level 5 in Fire Magic
 16676 | Orc:1    | Noticed an orc warlord
 16680 | Orc:1    | Paralysed by an orc sorcerer for 4 turns
 16816 | Lair:2   | Found a staircase to the Snake Pit.
 16926 | Lair:2   | Reached skill level 11 in Fighting
 17069 | Lair:2   | Found a staircase to the Swamp.
 17199 | Lair:3   | Noticed a six-headed hydra
 17345 | Lair:3   | Killed Gastronok
 18205 | Lair:4   | Noticed a boulder beetle
 18330 | Lair:4   | Killed a boulder beetle
 18440 | Lair:4   | Noticed a boulder beetle
 18458 | Lair:4   | Killed a boulder beetle
 18569 | Lair:4   | Reached XP level 13. HP: 73/116 MP: 1/26
 19439 | Lair:5   | Entered Level 5 of the Lair of Beasts
 19561 | Lair:5   | Reached skill level 5 in Dodging
 20281 | Lair:5   | Found a staircase to the Slime Pits.
 20543 | Lair:5   | Reached skill level 12 in Fighting
 21589 | Lair:2   | Reached XP level 14. HP: 78/126 MP: 6/27
 22597 | D:12     | Found a transporter.
 22597 | D:12     | Found the +3 pair of seven-league boots {Rampage+∞}
 23646 | D:12     | Found a transporter.
 24299 | D:13     | Noticed Azrael
 24660 | D:9      | Killed an orc warlord
 25187 | Orc:2    | Entered Level 2 of the Orcish Mines
 25552 | Orc:2    | Found Sotumn's Jewellery Boutique.
 25740 | Orc:2    | Found Jeishrer's Book Shop.
 26585 | Orc:2    | Noticed an orc warlord
 26591 | Orc:2    | Killed an orc warlord
 26689 | Orc:2    | Reached skill level 13 in Fighting
 26747 | Orc:2    | Found Yquqooll's General Store.
 26756 | Orc:2    | Bought a potion of heal wounds for 60 gold pieces
 26889 | Orc:2    | Found Ziabimof's Assorted Antiques.
 26934 | Orc:2    | Bought a potion of cancellation for 176 gold pieces
 26934 | Orc:2    | Bought a weird runed staff for 264 gold pieces
 27085 | Orc:2    | Found a staircase to the Elven Halls.
 27679 | D:13     | Killed Azrael
 27770 | D:13     | Found a gate to the Vaults.
 27922 | D:14     | Reached XP level 15. HP: 98/135 MP: 7/28
 28176 | D:14     | Reached skill level 10 in Air Magic
 28245 | D:14     | Found a frozen archway.
 28430 | IceCv    | Entered an ice cave
 28434 | IceCv    | Mangled by a caustic shrike simulacrum

Illustrated notes

Levels and vault maps discovered:
D:1:      psy_arrival_conway, layout_loops_corners,
          hellmonk_ecumenical_altar_run_dry, minmay_misc_feat_encased,
          minmay_misc_feat_iff, minmay_fountain_box, skrybe_limestone_x
D:2:      layout_basic, uniq_jessica
D:3:      layout_loops_ring, cheibriados_altar_1, hangedman_decor_opposing
D:4:      layout_basic, nicolae_shop_firing_range
D:5:      layout_rooms, lemuel_zombie_altar_kikubaaqudgha, uniq_prince_ribbit1
D:6:      cheibrodos_steamvent, layout_rooms, amcnicky_altar_gilded,
          minmay_temple_entry_junction
D:7:      layout_rooms
D:8:      layout_basic, mainiacjoe_overflow_alcove_2,
          nicolae_elyvilon_peaceful_grove
D:9:      layout_basic, grunt_temple_overflow_cloverleaf, orc_0_dummy,
          serial_ice, serial_ice_k, serial_ice_d, serial_ice_h, serial_ice_a
D:10:     minmay_imperfect_grid, layout_loops_corners,
          mainiacjoe_overflow_alcove_3, nicolae_ru_great_annihilating_truth,
          minmay_statue_bubble
D:11:     layout_roguey, hellmonk_lair_entry_icy, ebering_ghost_funeral_grove
D:12:     gammafunk_the_bubble [the_bubble_gammafunk_crates], layout_basic
D:13:     layout_cross, david_vaults_5, kennysheep_okawaru_gauntlet, uniq_azrael
D:14:     cheibrodos_magma_flow, layout_irregular_city, columned_hall_lemuel,
          portal_ice_cave_entry_ice_statue_two
Lair:1:   layout_gridlike
Lair:2:   lemuel_ratsnest, layout_misc_corridors, swamp_mist,
          nicolae_snake_entry_warm_welcome, ebering_ghost_rock_garden,
          grunt_megastairs_1, serial_bayou_shore_b, infiniplex_staircase_pool_2
Lair:3:   layout_concentric_octagons, patterned_corridor, uniq_gastronok
Lair:4:   layout_cave_pods, hangedman_lair_generics_rect, grunt_megastairs_3
Lair:5:   grunt_lair_end_beastmaster, layout_regular_city, slime_entry_1,
          serial_bayou_shore_b, grunt_megastairs_2
Orc:1:    layout_caves, enter_volcano_4, mines1_david
Orc:2:    pubby_orc_utopia
IceCv:    ice_cave_statue_garden_transporter

Skill      XL: |  1  2  3  4  5  6  7  8  9 10 11 12 13 14 15 |
---------------+----------------------------------------------+-----
Fighting       | 2 3 4 5 6 7 9 10 11 12 13 | 13.3
Conjurations   | 1 2 3 4 5 6 7 8 |  8.9
Stealth        | 1 |  1.1
Spellcasting   | 2 3 4 5 6 |  6.0
Hexes          | 1 2 3 4 |  4.0
Air Magic      | 3 4 6 8 9 10 | 10.1
Poison Magic   | 3 |  3.1
Armour         | 3 6 7 |  7.7
Shields        | 1 5 6 |  6.0
Fire Magic     | 3 5 7 9 |  9.4
Dodging        | 4 7 9 |  9.3
Long Blades    | |  1.9
Throwing       | |  0.8
Translocations | |  2.7
Earth Magic    | |  0.8

Action                     |  1- 3 |  4- 6 |  7- 9 | 10-12 | 13-15 || total
---------------------------+-------+-------+-------+-------+-------++-------
  Melee: Falchion          |    52 |       |       |       |       ||    52
         Dagger            |       |   109 |   147 |   287 |   169 ||   712
         Punch             |       |     3 |     6 |     4 |       ||    13
         Staff             |       |       |       |       |   135 ||   135
  Throw: Boomerang         |     1 |     4 |     3 |       |       ||     8
         Throwing net      |       |     2 |       |       |       ||     2
   Cast: Magic Dart        |    19 |     7 |       |       |       ||    26
         Searing Ray       |    20 |    44 |    42 |    94 |    32 ||   232
         Mephitic Cloud    |       |       |    15 |    58 |    24 ||    97
         Fulminant Prism   |       |       |    14 |    21 |       ||    35
         Iskenderun's Myst |       |       |       |   173 |    50 ||   223
         Arcjolt           |       |       |       |    48 |   179 ||   227
         Plasma Beam       |       |       |       |       |   159 ||   159
  Evoke: Wand              |       |     1 |     1 |     5 |     2 ||     9
    Use: Scroll            |     3 |     5 |     9 |    13 |     7 ||    37
         Potion            |       |       |     7 |     5 |     4 ||    16
   Stab: Sleeping          |     2 |     6 |       |       |       ||     8
         Confused          |       |       |     5 |    12 |     4 ||    21
 Armour: Leather armour    |    18 |       |       |       |       ||    18
         Robe              |       |    39 |    37 |       |       ||    76
         Steam dragon scal |       |       |    52 |    36 |       ||    88
         Skin              |       |       |     2 |    18 |       ||    20
         Troll leather arm |       |       |       |    94 |   141 ||   235
  Dodge: Dodged            |    26 |    86 |   159 |   246 |   362 ||   879
  Block: Buckler           |       |       |       |    86 |   203 ||   289

Table legend: (Time is in decaauts)
 A = Elapsed time spent in this place.
 B = Non-inter-level travel time spent in this place.
 C = Inter-level travel time spent in this place.
 D = Time resting spent in this place.
 E = Time spent auto-exploring this place.
 F = Levels seen in this place.
 G = Mean time per level.
                   A        B        C        D        E       F      G
               +--------+--------+--------+--------+--------+-----+--------+
         Total |  28550 |  26270 |   2280 |   1155 |  19496 |  23 | 1241.3 |
       Dungeon |  17600 |  16176 |   1424 |    907 |  12191 |  14 | 1257.1 |
          Lair |   6959 |   6180 |    779 |     69 |   4499 |   5 | 1391.8 |
  Orcish Mines |   3165 |   3089 |     76 |    107 |   2374 |   2 | 1582.5 |
      Ice Cave |      3 |      3 |      0 |      0 |      0 |   1 |    3.0 |
       Volcano |    820 |    820 |      0 |     72 |    431 |   1 |  820.0 |
               +--------+--------+--------+--------+--------+-----+--------+

Top non-repeatable levels by time:
    D:10: 2549 daAuts
   Orc:2: 2304 daAuts
    D:12: 2066 daAuts
  Lair:5: 1780 daAuts
     D:1: 1580 daAuts
     D:9: 1578 daAuts
    D:11: 1507 daAuts
  Lair:2: 1490 daAuts
  Lair:4: 1454 daAuts
     D:5: 1303 daAuts
     D:3: 1239 daAuts
  Lair:3: 1152 daAuts
     D:4: 1134 daAuts
     D:8: 1131 daAuts
  Lair:1: 1081 daAuts
